 Dungeon Crawl Stone Soup version 0.23.0-28-g6fe0f4dc8b (webtiles) character file.

Game seed: 0

142 OdinFK the Magician (level 5, -6/28 HPs)
             Began as a Deep Elf Fire Elementalist on Feb 26, 2019.
             Mangled by a phantom (8 damage)
             ... on level 4 of the Dungeon.
             The game lasted 00:09:44 (2297 turns).

OdinFK the Magician (Deep Elf Fire Elementalist)    Turns: 2297, Time: 00:09:44

Health: -6/28      AC:  2    Str:  5    XL:     5   Next: 3%
Magic:  0/13       EV: 13    Int: 21    God:
Gold:   146        SH:  0    Dex: 15    Spells: 3/13 levels left

rFire    . . .     SeeInvis .   e - +1 short sword (speed)
rCold    . . .     Gourm    .   (no shield)
rNeg     . . .     Faith    .   a - +0 robe
rPois    .         Spirit   .   (no helmet)
rElec    .         Reflect  .   (no cloak)
rCorr    .         Harm     .   (no gloves)
MR       .....                  (no boots)
Stlth    ++........             (no amulet)
HPRegen  0.09/turn              (no ring)
MPRegen  0.13/turn              (no ring)

@: no status effects
A: no striking features
a: no special abilities


You were on level 4 of the Dungeon.
You were not hungry.

You visited 1 branch of the dungeon, and saw 4 of its levels.

You collected 146 gold pieces.

Inventory:

Hand Weapons
 e - a +1 short sword of speed (weapon)
Armour
 a - a +0 robe (worn)
Jewellery
 f - an uncursed ring of positive energy {unknown}
 i - an uncursed amulet of harm {unknown}
Scrolls
 b - 4 scrolls of identify {unknown}
 d - 3 scrolls of immolation {unknown}
 j - a scroll of random uselessness {unknown}
 k - a scroll of magic mapping {unknown}
Potions
 g - 3 potions of curing {unknown}
 l - a potion of agility {unknown}
Comestibles
 c - 12 rations


   Skills:
 + Level 2.9 Dodging
 + Level 2.9 Stealth
 + Level 4.5 Spellcasting
 * Level 2.7 Conjurations
 + Level 4.4 Fire Magic


You had 3 spell levels left.
You knew the following spells:

 Your Spells              Type           Power        Failure   Level  Hunger
a - Flame Tongue          Conj/Fire      ###..        2%          1    None
b - Throw Flame           Conj/Fire      ###...       3%          2    #......
c - Conjure Flame         Conj/Fire      ###.....     8%          3    ##.....
d - Sticky Flame          Conj/Fire      ###.....     26%         4    ####...

Your spell library contained the following spells:

 Spells                   Type           Power        Failure   Level  Hunger
 Inner Flame              Hex/Fire       ##......     14%         3    ##.....
 Fireball                 Conj/Fire      ###.......   56%         5    ######.


Dungeon Overview and Level Annotations

Branches:
Dungeon (4/15)
 Temple: D:4-7

Altars:
Fedhas

Portals:
Sewer: D:4


Message History

Things that are here:
2 chunks of flesh; a ball python skeleton
Casting: Flame Tongue (safe; 2% risk of failure)
Confirm with . or Enter, or press ? or * to list all spells.
Aiming: Flame Tongue (safe; 2% risk of failure)
Press: ? - help, Shift-Dir - straight line, f - phantom
Aim: a phantom The flame tongue hits the phantom.
The phantom is lightly damaged.
The phantom hits you!
* * * LOW HITPOINT WARNING * * *
Casting: Flame Tongue (safe; 2% risk of failure)
Confirm with . or Enter, or press ? or * to list all spells.
Aiming: Flame Tongue (safe; 2% risk of failure)
Press: ? - help, Shift-Dir - straight line, f/p - phantom
Aim: a phantom (lightly damaged)
The flame tongue hits the phantom.
The phantom is moderately damaged.
The phantom hits you!
You die...

.. #### #.####..#
#....#..#########
#.#.W.........
.....#@#......[..
### #.#S........
+......#.........
#+##+###.?.......
#........######
#.....W..#
.........#
#######..#
#≈≈≈≈≈'..#


You could see a phantom.

Vanquished Creatures
  A worker ant (D:2)
  7 adders
  A worm (D:2)
  2 dart slugs
  A leopard gecko (D:1)
  A ball python (D:4)
  5 bats
  2 giant cockroaches
  4 hobgoblins
  3 jackals (D:3)
  7 frilled lizards
  4 goblins
  8 kobolds
  7 rats
53 creatures vanquished.

Notes
Turn   | Place    | Note
-------+----------+-------------------------------------------
     0 | D:1      | OdinFK the Deep Elf Fire Elementalist began the quest for
                  | the Orb.
     0 | D:1      | Reached XP level 1. HP: 10/10 MP: 6/6
     2 | D:1      | Noticed an ogre
     4 | D:1      | Noticed a naga
     6 | D:1      | Noticed a ghoul
     8 | D:1      | Noticed a demonspawn
     8 | D:1      | Noticed a tengu
    10 | D:1      | Noticed a minotaur
    10 | D:1      | Noticed a troll
    12 | D:1      | Noticed a halfling
    14 | D:1      | Noticed a vampire
    14 | D:1      | Noticed a felid
    16 | D:1      | Noticed a spriggan
    16 | D:1      | Noticed a centaur
    18 | D:1      | Noticed an octopode
    18 | D:1      | Noticed a dwarf
    20 | D:1      | Noticed a human
    20 | D:1      | Noticed a vine stalker
    22 | D:1      | Noticed a gargoyle
    22 | D:1      | Noticed a formicid
    24 | D:1      | Noticed a demigod
    24 | D:1      | Noticed a merfolk
    26 | D:1      | Noticed an elf
    26 | D:1      | Noticed a draconian
   266 | D:1      | Reached XP level 2. HP: 13/15 MP: 4/8
   336 | D:1      | Learned a level 2 spell: Throw Flame
   728 | D:2      | Reached XP level 3. HP: 17/19 MP: 3/10
   733 | D:2      | Learned a level 3 spell: Conjure Flame
   825 | D:2      | Found a blossoming altar of Fedhas.
  1269 | D:2      | Reached XP level 4. HP: 21/24 MP: 4/12
  1276 | D:2      | Learned a level 4 spell: Sticky Flame
  2194 | D:4      | Noticed a phantom
  2197 | D:4      | Reached XP level 5. HP: 28/28 MP: 3/13
  2266 | D:4      | Found a glowing drain.
  2297 | D:4      | Mangled by a phantom

Skill      XL: |  1  2  3  4 |
---------------+-------------+-----
Fire Magic     | 4 |  4.4
Spellcasting   | 4 |  4.5
Conjurations   | 2 |  2.7
Dodging        | |  2.9
Stealth        | |  2.9

Action                   |  1- 3 |  4- 6 || total
-------------------------+-------+-------++-------
Melee: Dagger            |     4 |       ||     4
       Short sword       |     6 |    38 ||    44
 Cast: Flame Tongue      |    43 |    22 ||    65
       Throw Flame       |    12 |    18 ||    30
       Conjure Flame     |     1 |       ||     1
       Sticky Flame      |       |     4 ||     4
 Stab: Sleeping          |       |     1 ||     1
  Eat: Chunk             |     1 |     4 ||     5
Armor: Robe              |     6 |     7 ||    13
Dodge: Dodged            |    12 |    23 ||    35
